Map: Catalyst LE

Players

Lambo - Winner!

  • Race: Zerg Zerg
  • Spawn Location: 5:00

Jehuty

  • Race: Zerg Zerg
  • Spawn Location: 11:00

Event: WCS Valencia 2018

VOD

Have the link to the VOD?

Description

Time

  • Played on: July 12, 2018, 7:18 a.m.
  • Length: 5:45

All games in this series

Show
View Real Time Build Order
Export as new Build Order

Lambo Zerg - Winner!

Build Orders: Hatch First 

Get SALT Encoding   

  12  0:00  Drone  
  13  0:12  Overlord  
  13  0:18  Drone  
  14  0:30  Drone x2  
  16  0:49  Hatchery  
  15  0:52  Drone  
  15  0:55  Drone  
  17  1:00  Drone  
  18  1:09  Extractor  
  17  1:15  Spawning Pool  
  17  1:18  Drone  
  17  1:21  Drone  
  18  1:28  Drone  
  19  1:39  Drone  
  20  1:50  Overlord  
  20  2:01  Queen x2  
  20  2:03  Zergling x4  
  26  2:10  Drone  
  26  2:11  Drone  
  28  2:22  Drone  
  29  2:24  Drone  
  30  2:33  Drone x2  
  32  2:37  Queen  
  32  2:38  Lair  
  34  2:45  Overlord  
  34  2:47  Drone  
  35  2:51  Evolution Chamber  
  35  2:53  Drone  
  35  2:54  Drone  
  36  3:05  Roach Warren, Drone  
  37  3:08  Drone  
  37  3:09  Drone  
  37  3:10  Drone  
  39  3:14  Drone  
  39  3:16  Drone  
  39  3:19  Zerg Missile Weapons Level 1  
  41  3:23  Overlord  
  41  3:25  Drone  
  42  3:27  Drone  
  43  3:34  Evolution Chamber  
  43  3:35  Drone x2  
  43  3:43  Drone x4  
  43  3:46  Extractor  
  43  3:47  Extractor, Roach  
  46  3:49  Glial Reconstitution  
  46  3:53  Roach  
  48  3:57  Roach  
  48  3:58  Drone  
  48  4:00  Overlord  
  48  4:02  Drone  
  52  4:10  Overlord  
  52  4:19  Drone  
  52  4:20  Drone  
  52  4:21  Roach x2  
  52  4:22  Overlord, Roach  
  60  4:32  Roach x4  
  60  4:38  Overlord  
  68  4:42  Roach  
  70  4:47  Roach  
  70  4:50  Hatchery  
  70  4:52  Roach  
  73  5:01  Roach  
  73  5:05  Overlord  
  73  5:06  Roach  
  77  5:10  Roach x2  
  77  5:13  Overlord  
  81  5:17  Roach  
  83  5:23  Roach x3  
Show
View Real Time Build Order
Export as new Build Order

Jehuty Zerg 

Build Orders: Hatch First 

Get SALT Encoding   

  12  0:08  Overlord  
  12  0:13  Drone  
  13  0:17  Drone  
  14  0:26  Drone  
  15  0:33  Drone  
  16  0:41  Drone  
  17  0:54  Hatchery  
  16  0:57  Drone  
  16  1:02  Drone  
  18  1:07  Extractor  
  17  1:13  Drone  
  18  1:20  Spawning Pool  
  18  1:24  Drone  
  18  1:35  Drone  
  19  1:45  Overlord  
  19  1:56  Drone  
  20  2:06  Queen  
  20  2:07  Metabolic Boost, Queen  
  24  2:09  Zergling x2  
  24  2:12  Zergling x2  
  26  2:17  Drone  
  26  2:21  Drone  
  28  2:27  Drone  
  28  2:28  Drone  
  30  2:32  Baneling Nest  
  29  2:38  Drone  
  29  2:40  Drone  
  31  2:49  Drone  
  31  2:50  Drone  
  32  3:03  Hatchery  
  31  3:05  Overlord  
  31  3:08  Zergling x2  
  32  3:13  Zergling x4  
  32  3:18  Zergling x4  
  32  3:19  Overlord  
  36  3:25  Drone x2  
  36  3:27  Drone  
  39  3:30  Baneling x3  
  39  3:32  Baneling  
  39  3:34  Drone  
  39  3:35  Drone  
  39  3:39  Drone  
  39  3:40  Drone  
  42  3:47  Extractor  
  41  3:50  Drone  
  41  3:51  Drone  
  41  3:52  Roach Warren  
  42  4:02  Evolution Chamber, Drone x4  
  45  4:08  Drone x3  
  48  4:15  Lair  
  48  4:19  Overlord  
  48  4:20  Drone  
  48  4:23  Extractor  
  48  4:37  Overlord  
  48  4:38  Queen  
  50  4:39  Drone x2  
  50  4:40  Drone x2  
  54  4:46  Evolution Chamber, Drone x2  
  54  4:50  Extractor  
  54  4:52  Roach x2  
  58  4:58  Roach x2  
  62  5:03  Overlord  
  61  5:18  Roach x2  
  61  5:20  Overlord x3  
  61  5:21  Overlord  
Tags
 
Add a new tag
Caveats
  • Supply blocks, unpowered buildings, or Contaminate may cause inaccurate times.
  • Supply counts are checked every 10 seconds.